 Dungeon Crawl Stone Soup version 0.31-a0-640-g39d97e502b (webtiles) character file.

Game seed: 3793226358530189543

298 qw the Shooter (level 6, -1/38 HPs)
             Began as a Gargoyle Hunter on Aug 27, 2023.
             Slain by a kobold
             ... wielding a +0 whip
              (4 damage)
             ... on level 4 of the Dungeon.
             The game lasted 00:01:15 (2314 turns).

qw the Shooter (Gargoyle Hunter)                    Turns: 2314, Time: 00:01:16

Health: -1/38      AC:  5    Str: 14      XL:     6   Next: 36%
Magic:  6/6        EV: 10    Int: 10      God:
Gold:   177        SH:  0    Dex: 14 (15) Spells: 5/5 levels left

rFire   . . .        Y - +0 shortbow
rCold   . . .        (shield currently unavailable)
rNeg    + . .        a - +0 ring mail
rPois   inf          (no helmet)
rElec   +            (no cloak)
rCorr   +            (no gloves)
SInv    .            (no boots)
Will    .....        h - amulet of regeneration
Stlth   +            g - ring of resist corrosion
HPRegen 1.06/turn    (no ring)
MPRegen 0.10/turn

%: no passive effects
@: corroded
A: sickness immunity, AC +4, negative energy resistance 1, electricity
resistance, torment resistance 1, petrification resistance
a: no special abilities


You were on level 4 of the Dungeon.
You visited 1 branch of the dungeon, and saw 4 of its levels.

You collected 177 gold pieces.


Innate Abilities, Weirdness & Mutations

You are immune to sickness and miasma.
Your stone body is resilient. (AC +4)
You are immune to poison.
You resist negative energy. (rN+)
You are resistant to electric shocks. (rElec)
You are resistant to unholy torment.
You are immune to petrification.


   Skills:
 + Level 3.7 Fighting
 - Level 6.6 Ranged Weapons
 - Level 1.7 Armour
 - Level 1.5 Dodging
 - Level 1.1 Stealth


You had 5 spell levels left.
You didn't know any spells.
Your spell library was empty.

Inventory:

Hand Weapons
 Y - a +0 shortbow (weapon)
Armour
 a - a +0 ring mail (worn)
Jewellery
 g - a ring of resist corrosion (left hand)
 h - an amulet of regeneration (around neck)
Scrolls
 c - a scroll of identify
Potions
 b - a potion of ambrosia {unknown}
 d - a potion of mutation {unknown}
 e - a potion of curing
 f - a potion of cancellation
 i - a potion of invisibility {unknown}

Dungeon Overview and Level Annotations

Branches:
Dungeon (4/15)
 Temple: D:4-7

Altars:


Message History

The jelly hits you but does no damage. The kobold closely misses you.
The adder misses you.
You shoot an arrow. The arrow hits the jelly.
The jelly is moderately wounded.
The adder bites you. The endoplasm closely misses you.
The jelly closely misses you. The kobold hits you but does no damage.
You shoot an arrow. The arrow hits the jelly.
The jelly is moderately wounded.
The adder closely misses you. The jelly barely misses you.
The endoplasm hits you but does no damage.
The kobold hits you with a +0 whip. The adder bites you but does no damage.
You shoot an arrow.
The arrow hits the jelly but does no damage.
The jelly is moderately wounded.
The endoplasm freezes you.
You are frozen.
The jelly closely misses you. The kobold hits you with a +0 whip.
The adder bites you. The jelly closely misses you. The endoplasm freezes you.
You are frozen.
The kobold barely misses you. The adder barely misses you.
You shoot an arrow. The arrow hits the jelly.
The jelly is heavily wounded.
The adder misses you. The jelly barely misses you. The endoplasm freezes you.
You are frozen.
The kobold hits you but does no damage.
You shoot an arrow. The arrow hits the jelly.
The jelly is severely wounded.
The adder bites you. The jelly hits you but does no damage.
The endoplasm hits you. The kobold closely misses you.
You shoot an arrow. The arrow hits the jelly.
The jelly is severely wounded.
The adder barely misses you.
The endoplasm hits you but does no damage.
The jelly hits you but does no damage. The kobold hits you but does no damage.
The adder bites you.
You shoot an arrow. The arrow hits the jelly.
The jelly is severely wounded.
The adder barely misses you. The endoplasm barely misses you.
The jelly misses you. The kobold hits you with a +0 whip.
You die...

.....###...#####....#....
...........# #.........
...........# #.........
..W........####...g...#
....##).......#..# ...
#...........#
.........%#.#.#
..........#JK###
..........J#@J..#
.#....##...##S...#
#....#..... ....... ...
#....> ....... #.....
....... ..... ###....
##.. ..


You could see a jelly, an adder, an endoplasm and a kobold.

Vanquished Creatures
  An ogre (D:4)
  A howler monkey (D:4)
  An orc wizard (D:4)
  6 adders
  2 worms (D:3)
  A dart slug (D:2)
  10 orcs
  10 endoplasms
  A giant cockroach (D:2)
  3 goblins
  6 hobgoblins
  8 jackals
  3 quokkas
  5 ball pythons
  6 bats
  3 frilled lizards (D:1)
  8 kobolds
  2 rats
77 creatures vanquished.

Notes
Turn   | Place    | Note
-------+----------+-------------------------------------------
     0 | D:1      | qw the Gargoyle Hunter began the quest for the Orb.
     0 | D:1      | Reached XP level 1. HP: 12/12 MP: 1/1
     0 | D:1      | 0 ||| qw: Version: 0.3-a-74-g0d5e918
     0 | D:1      | 0 ||| qw: Game counter: 55
     0 | D:1      | 0 ||| qw: Melee chars always use a shield: true
     0 | D:1      | 0 ||| qw: God list: Okawaru
     0 | D:1      | 0 ||| qw: Allow faded altars: false
     0 | D:1      | 0 ||| qw: Do Orc after clearing Dungeon:15 true
     0 | D:1      | 0 ||| qw: Do second Lair branch before Depths: true
     0 | D:1      | 0 ||| qw: Lair rune preference: random
     0 | D:1      | 0 ||| qw: Goals: Normal
     0 | D:1      | 0 ||| PLANNING D:1-11
   177 | D:1      | 177 ||| DROPPING +0 sling of flaming.
   215 | D:1      | Reached XP level 2. HP: 17/17 MP: 2/2
   805 | D:1      | 805 ||| UPGRADING to ring of resist corrosion.
   806 | D:1      | 806 ||| READING scroll labelled LAL PUFIOQ.
   807 | D:1      | 807 ||| READING scroll labelled NAROW BEJAEHIS.
   808 | D:1      | 808 ||| READING scroll labelled AFONKOE RIRE.
   809 | D:1      | 809 ||| READING scroll labelled ROARPHO HULYT.
   810 | D:1      | 810 ||| DROPPING scroll of butterflies.
   822 | D:2      | 822 ||| STAIRDANCE
   835 | D:2      | 835 ||| STAIRDANCE
   873 | D:2      | Reached skill level 5 in Ranged Weapons
   873 | D:2      | Reached XP level 3. HP: 20/21 MP: 3/3
   901 | D:2      | Found a faded altar of an unknown god.
  1035 | D:2      | Reached skill level 3 in Fighting
  1064 | D:2      | Reached XP level 4. HP: 28/28 MP: 4/4
  1389 | D:2      | 1389 ||| READING 2 scrolls labelled HUULEOLEUS.
  1390 | D:2      | 1390 ||| READING scroll labelled LIUHOG YTOI.
  1391 | D:2      | 1391 ||| READING 2 scrolls labelled GAIZXUMPUI.
  1392 | D:2      | 1392 ||| READING scroll labelled NOKIFUSHRUB.
  1397 | D:2      | 1397 ||| DRINKING 2 white potions.
  1398 | D:2      | 1398 ||| DRINKING 2 viscous cyan potions.
  1399 | D:2      | 1399 ||| DROPPING scroll of fog.
  1400 | D:2      | 1400 ||| DROPPING potion of degeneration.
  1401 | D:2      | 1401 ||| DROPPING scroll of noise.
  1640 | D:3      | 1640 ||| FLEEEEING.
  1779 | D:3      | Reached XP level 5. HP: 32/32 MP: 5/5
  2139 | D:3      | 2139 ||| UPGRADING to +0 ring mail.
  2149 | D:3      | 2149 ||| DROPPING +0 leather armour.
  2150 | D:3      | 2150 ||| UPGRADING to amulet of regeneration.
  2155 | D:3      | 2155 ||| DRINKING 2 emerald potions.
  2171 | D:4      | 2171 ||| STAIRDANCE
  2181 | D:4      | 2181 ||| STAIRDANCE
  2205 | D:4      | 2205 ||| STAIRDANCE
  2225 | D:4      | Reached skill level 1 in Armour
  2232 | D:4      | Noticed an ogre
  2238 | D:4      | Killed an ogre
  2239 | D:4      | Reached skill level 6 in Ranged Weapons
  2239 | D:4      | Reached XP level 6. HP: 17/37 MP: 6/6
  2239 | D:4      | 2239 ||| FLEEEEING.
  2240 | D:4      | 2240 ||| FLEEEEING.
  2241 | D:4      | 2241 ||| FLEEEEING.
  2242 | D:4      | 2242 ||| FLEEEEING.
  2243 | D:4      | 2243 ||| FLEEEEING.
  2244 | D:4      | 2244 ||| FLEEEEING.
  2245 | D:4      | 2245 ||| STAIRDANCE
  2282 | D:4      | 2282 ||| Stepping ~*~*~tactically~*~*~ (retreating).
  2283 | D:4      | 2283 ||| Stepping ~*~*~tactically~*~*~ (retreating).
  2284 | D:4      | 2284 ||| Stepping ~*~*~tactically~*~*~ (retreating).
  2286 | D:4      | 2286 ||| Stepping ~*~*~tactically~*~*~ (retreating).
  2287 | D:4      | 2287 ||| Stepping ~*~*~tactically~*~*~ (retreating).
  2299 | D:4      | 2299 ||| Stepping ~*~*~tactically~*~*~ (retreating).
  2310 | D:4      | HP: 6/38 [frozen (5)]
  2312 | D:4      | HP: 2/38 [endoplasm (2)]
  2314 | D:4      | Slain by a kobold

Levels and vault maps discovered:
D:1:      erik_arrival_blinker_ship, layout_loops_ring, minmay_quantized
D:2:      layout_rooms, serial_corexii_hall, chequers_hall_statues_wall_a,
          corexii_hall_statues_x, hellmonk_ecumenical_altar_dog_temple,
          nicolae_underground_beach
D:3:      layout_loops_cross
D:4:      layout_cave_pools, grunt_temple_overflow_open

Skill      XL: |  1  2  3  4  5 |
---------------+----------------+-----
Ranged Weapons | 5 6 |  6.6
Fighting       | 3 |  3.7
Armour         | 1 |  1.7
Dodging        | |  1.5
Stealth        | |  1.1

Action                     |  1- 3 |  4- 6 || total
---------------------------+-------+-------++-------
   Fire: Shortbow          |   111 |   198 ||   309
    Use: Scroll            |     4 |     4 ||     8
         Potion            |       |     3 ||     3
 Armour: Leather armour    |    26 |    22 ||    48
         Ring mail         |       |    49 ||    49
  Dodge: Dodged            |    37 |   119 ||   156

Table legend:
 A = Non-vault XP
 B = Vault XP
 C = Vault XP percentage of total XP
 D = Non-vault monster count
 E = Vault monster count
 F = Vault count percentage of total count
                 A         B        C        D         E       F
            +---------+---------+-------+---------+---------+-------
      Total |     418 |       9 |   2.1 |      71 |       6 |   7.8
            +---------+---------+-------+---------+---------+-------
        D:1 |      25 |       3 |  10.7 |      15 |       3 |  16.7
        D:2 |      80 |       6 |   7.0 |      19 |       3 |  13.6
        D:3 |      76 |       0 |   0.0 |      26 |       0 |   0.0
        D:4 |     237 |       0 |   0.0 |      11 |       0 |   0.0
            +---------+---------+-------+---------+---------+-------
